 Dungeon Crawl Stone Soup version 0.31-a0-1068-g5939ac1fb6 (webtiles) character file.

Game seed: 10584354004262269059

4699 senseless the Slasher (level 10, -1/84 HPs)
             Began as a Demigod Gladiator on Nov 24, 2023.
             Slain by a troll (5 damage)
             ... on level 9 of the Dungeon.
             The game lasted 00:25:20 (7202 turns).

senseless the Slasher (Demigod Gladiator)           Turns: 7202, Time: 00:25:21

Health: -1/84      AC: 13    Str: 15    XL:     10   Next: 2%
Magic:  0/13       EV: 16    Int: 10    God:
Gold:   119        SH:  7    Dex: 27    Spells: 9/9 levels left

rFire   . . .        I - +4 long sword (freeze)
rCold   + . .        z - +0 buckler
rNeg    . . .        k - +4 ring mail "Avaepor" {rC+ Will+}
rPois   .            c - +1 helmet
rElec   .            (no cloak)
rCorr   +            n - +0 pair of gloves
SInv    .            t - +0 pair of boots
Will    +++..        l - amulet of guardian spirit
Stlth   +            N - ring of willpower
HPRegen 0.34/turn    y - ring of resist corrosion
MPRegen 0.13/turn

%: guardian spirit
@: about to teleport
A: high MP 1, forlorn, divine attributes
a: no special abilities


You were on level 9 of the Dungeon.
You visited 1 branch of the dungeon, and saw 9 of its levels.

You collected 446 gold pieces.
You spent 327 gold pieces at shops.

Inventory:

Hand Weapons
 f - a +4 dire flail of protection
 I - a +4 long sword of freezing (weapon)
Missiles
 e - 6 javelins
 x - 15 poisoned darts
 G - a throwing net
Armour
 c - a +1 helmet (worn)
 g - a +1 scale mail of poison resistance
 h - a +2 robe of positive energy
 k - the +4 ring mail "Avaepor" (worn) {rC+ Will+}
   (You found it on level 2 of the Dungeon)

   rC+:       It protects you from cold.
   Will+:     It increases your willpower.
 n - a +0 pair of gloves (worn)
 t - a +0 pair of boots (worn)
 z - a +0 buckler (worn)
 J - a +0 kite shield
 K - a +0 tower shield
Jewellery
 i - a ring of wizardry
 l - an amulet of guardian spirit (around neck)
 y - a ring of resist corrosion (right hand)
 B - a ring of wizardry
 N - a ring of willpower (left hand)
Wands
 d - a wand of polymorph (26)
 m - a wand of flame (31) (quivered)
 u - a wand of mindburst (38)
 w - a wand of iceblast (9)
 A - a wand of light (5)
Scrolls
 r - a scroll of vulnerability
 s - 2 scrolls of amnesia
 D - a scroll of butterflies
 O - a scroll of fear
Potions
 a - a potion of ambrosia
 b - 4 potions of curing
 j - 4 potions of resistance
 o - a potion of enlightenment
 p - 3 potions of lignification
 q - 3 potions of berserk rage
 v - 2 potions of haste
 C - a potion of degeneration {unknown}
 E - a potion of heal wounds {unknown}
 F - 2 potions of might {unknown}
 L - a potion of brilliance {unknown}


   Skills:
 * Level 6.7 Fighting
 * Level 7.1 Long Blades
 + Level 5.8 Throwing
 * Level 7.0 Dodging
 + Level 4.1 Shields
 + Level 3.1 Evocations


You had 9 spell levels left.
You didn't know any spells.
Your spell library contained the following spells:

 Spells                   Type           Power      Damage    Failure   Level
 Necrotise                Necr           0%         1d4       69%         1
 Slow                     Hex            0%         N/A       69%         1
 Confusing Touch          Hex            0%         N/A       96%         3
 Frozen Ramparts          Ice            0%         1d1       96%         3
 Gell's Gravitas          Tloc           0%         N/A       96%         3
 Sigil of Binding         Hex            0%         N/A       96%         3
 Stone Arrow              Conj/Erth      0%         3d7       96%         3
 Teleport Other           Tloc           0%         N/A       96%         3
 Tukima's Dance           Hex            0%         N/A       96%         3
 Vampiric Draining        Necr           0%         2d6       96%         3
 Animate Armour           Summ/Erth      0%         N/A       100%        4
 Dimensional Bullseye     Hex/Tloc       0%         N/A       100%        4
 Iskenderun's Mystic Bla  Conj/Tloc      0%         2d3       100%        4
 Passage of Golubria      Tloc           0%         N/A       100%        4
 Petrify                  Tmut/Erth      0%         N/A       100%        4
 Agony                    Necr           0%         N/A       100%        5
 Metabolic Englaciation   Hex/Ice        0%         N/A       100%        5
 Silence                  Hex/Air        0%         N/A       100%        5
 Dispersal                Tloc           0%         N/A       100%        6
 Lehudib's Crystal Spear  Conj/Erth      0%         10d2      100%        8


Dungeon Overview and Level Annotations

Branches:
Dungeon (9/15)             Temple (0/1) D:6            Lair (0/5) D:8
    Orc: D:9-12

Shops:
D:4 :   D:7 **

Portals:
Bailey: D:9


Innate Abilities, Weirdness & Mutations

You have an increased reservoir of magic. (+10% MP)
You shall have no god before yourself.
Your divine heritage dramatically boosts your attributes as you level up.


Message History

You slash the troll! You freeze the troll.
The troll is moderately wounded.
The orc priest calls down the wrath of Beogh upon you.
Beogh smites you! The troll completely misses you.
You block the troll's attack. The troll claws you!
You are too injured to fight recklessly!
You are too injured to fight recklessly!
You are too injured to fight recklessly!
You are too injured to fight recklessly!
You are too injured to fight recklessly!
You are too injured to fight recklessly!
You are too injured to fight recklessly!
You are too injured to fight recklessly!
You are too injured to fight recklessly!
You are too injured to fight recklessly!
You are too injured to fight recklessly!
You are too injured to fight recklessly!
You are too injured to fight recklessly!
You are too injured to fight recklessly!
You are too injured to fight recklessly!
You are too injured to fight recklessly!
You are too injured to fight recklessly!
You are too injured to fight recklessly!
You are too injured to fight recklessly!
The troll attacks as it pursues you! The troll bites you! The troll misses you.
The troll claws you.
* * * LOW HITPOINT WARNING * * *
The troll attacks as it pursues you! The troll closely misses you. x2
The troll misses you. The troll attacks as it pursues you! The troll bites you.
* * * LOW HITPOINT WARNING * * *
The troll claws you!
* * * LOW HITPOINT WARNING * * *
You block the troll's attack.
As you read the scroll of teleportation, it crumbles to dust.
You feel strangely unstable. You block the troll's attack. The troll claws you!
* * * LOW HITPOINT WARNING * * *
The troll barely misses you. The troll attacks as it pursues you!
The troll misses you. The troll claws you.
You die...

..#.≈.>.≈o# *,,,,,,,,,,,~~~
....~.∩g≈o# *,,,,,,,,,*~~*~
*#..≈.gg≈.# ******,,,,~,~~~
#..≈≈≈≈≈.#### *,,,,,**~~
*#.......o)o.# *,,,*,,*,*
...##....###.# *,,,*,,,*~
****#.......o##### *,,,***,,*
,,...###[....o.T.##
*,,,,,,,** ,*##.*
#.#######@.# *,,,******
,*,..* #..,,* ##.## *****
**+#***####,*####..##########
,,,,,,,,,,*,*#####.##########
,,<,,,,,,,+,*#####.#....#####
***
,,,,,,,,,,***#####.'......###
*,, ,,,,,,,,,,*
#######......### *,,
,,,,,,,,,,* #######......###
*,, ,,,,,,,,,,*
#########....###**,,


You could see a troll, an orc priest and an orc.

Vanquished Creatures
  A rime drake (D:8)
  Prince Ribbit (D:5)
  Menkaure (D:5)
  Edmund (D:5)
  An acid dragon (D:8)
  Duvessa (D:4)
  A sky beast (D:8)
  9 ice beasts
  3 orc warriors
  5 ogres
  A wolf (D:8)
  Blork the orc (D:4)
  4 bullfrogs
  2 gnoll sergeants
  8 wights
  2 scorpions
  Dowan (D:4)
  3 orc priests
  5 hounds
  2 jellies
  3 gnoll boudas
  4 iguanas
  Ijyb (D:5)
  Terence (D:2)
  A sleepcap (D:7)
  5 orc wizards
  25 gnolls
  7 adders
  A white imp (D:7)
  2 ufetubi (D:6)
  2 worms
  18 orcs
  7 ball pythons
  6 endoplasms
  A giant cockroach (D:2)
  6 goblins
  9 hobgoblins
  2 quokkas
  3 bats
  3 frilled lizards
  6 kobolds
  5 rats
171 creatures vanquished.

Notes
Turn   | Place    | Note
-------+----------+-------------------------------------------
     0 | D:1      | senseless the Demigod Gladiator began the quest for the
                  | Orb.
     0 | D:1      | Reached XP level 1. HP: 17/17 MP: 3/3
   320 | D:1      | Reached XP level 2. HP: 21/24 MP: 4/4
   765 | D:2      | Identified the +4 ring mail "Avaepor" {rC+ Will+}
   820 | D:2      | Noticed Terence
   880 | D:2      | Killed Terence
   881 | D:2      | Reached XP level 3. HP: 24/30 MP: 5/5
   975 | D:2      | Reached XP level 4. HP: 29/37 MP: 6/6
  1489 | D:1      | Reached XP level 5. HP: 27/44 MP: 7/7
  2284 | D:4      | Found Jyob's Book Boutique.
  2304 | D:4      | Noticed Blork the orc
  2317 | D:4      | Killed Blork the orc
  2358 | D:4      | Noticed Duvessa
  2402 | D:4      | Killed Duvessa
  2403 | D:4      | Reached XP level 6. HP: 23/51 MP: 8/8
  2424 | D:4      | Noticed Dowan
  2436 | D:4      | Killed Dowan
  3038 | D:5      | Entered Level 5 of the Dungeon
  3126 | D:5      | Noticed Ijyb
  3148 | D:5      | Killed Ijyb
  3222 | D:5      | Reached XP level 7. HP: 40/58 MP: 9/9
  3380 | D:5      | Noticed Edmund
  3404 | D:5      | Killed Edmund
  3405 | D:5      | Reached skill level 1 in Shields
  3532 | D:5      | Noticed Prince Ribbit
  3542 | D:5      | Killed Prince Ribbit
  3561 | D:5      | Reached skill level 5 in Long Blades
  3561 | D:5      | Reached skill level 5 in Dodging
  3669 | D:5      | Noticed Menkaure
  3674 | D:5      | Killed Menkaure
  3675 | D:5      | Reached XP level 8. HP: 67/67 MP: 10/10
  4274 | D:6      | Reached skill level 5 in Fighting
  4278 | D:6      | Reached skill level 1 in Evocations
  4565 | D:6      | Reached skill level 5 in Throwing
  4906 | D:6      | Found a staircase to the Ecumenical Temple.
  5288 | D:7      | Identified the +0 ring mail of the Thirsty Priests {rC+}
  5328 | D:7      | Found Luteuqor's CLEARANCE SALE!.
  5335 | D:7      | Bought an amulet of guardian spirit for 90 gold pieces
  5335 | D:7      | Bought a scroll of butterflies for 12 gold pieces
  5410 | D:7      | Reached XP level 9. HP: 74/74 MP: 11/11
  5630 | D:7      | Found Pycluiz's General Store.
  5638 | D:7      | Bought a potion of curing for 30 gold pieces
  5638 | D:7      | Bought a scroll of identify for 20 gold pieces
  5638 | D:7      | Bought a potion of haste for 100 gold pieces
  5638 | D:7      | Bought a scroll of revelation for 75 gold pieces
  6254 | D:8      | Noticed a rime drake
  6391 | D:8      | Killed a rime drake
  6586 | D:8      | Found a staircase to the Lair.
  6821 | D:8      | Reached XP level 10. HP: 78/84 MP: 11/13
  6952 | D:8      | Identified the +0 robe of Loss {rN+ Int+4}
  7174 | D:9      | Found a flagged portal.
  7201 | D:9      | HP: 4/84 [troll (8)]
  7202 | D:9      | Slain by a troll

Illustrated notes

Levels and vault maps discovered:
D:1:      dpeg_arrival_castle, layout_basic, hellmonk_ecumenical_altar_lost_god,
          patterned_corridor
D:2:      layout_rooms, basic_altar, uniq_terence
D:3:      layout_rooms, grunt_ministairs_5, minmay_misc_feat_columns
D:4:      layout_rooms, serial_shops, nicolae_shop_just_a_little_nook,
          hangedman_decor_riveting, uniq_duvessa, uniq_blork_the_orc
D:5:      layout_basic, minmay_starry_boxes, uniq_menkaure, uniq_ijyb,
          uniq_prince_ribbit1, uniq_edmund
D:6:      layout_gridville, minmay_temple_entry_poolview
D:7:      layout_basic, nicolae_wu_jian_immortal_techniques, serial_shops, shop,
          nicolae_shop_clearance
D:8:      layout_loops_cross, hellmonk_lair_entry_icy
D:9:      layout_basic, serial_bayou, serial_bayou_pond_a,
          serial_bayou_crossing, serial_bayou_pond_b, serial_bayou_pond_e,
          serial_bayou_shore_a, enter_bailey_5

Skill      XL: |  1  2  3  4  5  6  7  8  9 |
---------------+----------------------------+-----
Fighting       | 2 3 4 5 6 |  6.7
Throwing       | 2 3 4 5 |  5.8
Long Blades    | 3 4 5 6 7 |  7.1
Dodging        | 3 4 5 6 7 |  7.0
Shields        | 2 3 4 |  4.1
Evocations     | 1 3 |  3.1

Action                     |  1- 3 |  4- 6 |  7- 9 | 10-12 || total
---------------------------+-------+-------+-------+-------++-------
  Melee: Long sword        |    83 |   218 |   411 |     8 ||   720
         Punch             |     1 |     3 |       |       ||     4
  Throw: Throwing net      |     3 |       |     1 |       ||     4
         Dart              |       |       |     4 |       ||     4
  Evoke: Wand              |     2 |     4 |    22 |       ||    28
    Use: Scroll            |       |     9 |     8 |     3 ||    20
   Stab: Held in net/web   |     1 |       |     1 |       ||     2
         Paralysed         |       |    22 |     2 |       ||    24
         Sleeping          |       |     1 |       |       ||     1
         Distracted        |       |       |     1 |       ||     1
 Armour: Leather armour    |     9 |       |       |       ||     9
         Scale mail        |    12 |       |       |       ||    12
         Ring mail         |    27 |   140 |   236 |    15 ||   418
  Dodge: Dodged            |    45 |   164 |   319 |    19 ||   547
  Block: Buckler           |       |     9 |   164 |     8 ||   181

Table legend: (Time is in decaauts)
 A = Elapsed time spent in this place.
 B = Non-inter-level travel time spent in this place.
 C = Inter-level travel time spent in this place.
 D = Time resting spent in this place.
 E = Time spent auto-exploring this place.
 F = Levels seen in this place.
 G = Mean time per level.
                   A        B        C        D        E       F      G
               +--------+--------+--------+--------+--------+-----+--------+
         Total |   7328 |   6962 |    366 |    904 |   4378 |   9 |  814.2 |
       Dungeon |   7328 |   6962 |    366 |    904 |   4378 |   9 |  814.2 |
               +--------+--------+--------+--------+--------+-----+--------+

Top non-repeatable levels by time:
     D:5: 1343 daAuts
     D:7: 1052 daAuts
     D:1: 1041 daAuts
     D:6: 909 daAuts
     D:8: 881 daAuts
     D:2: 754 daAuts
     D:4: 680 daAuts
     D:3: 620 daAuts
     D:9: 45 daAuts
